 Dungeon Crawl Stone Soup version 0.15-a0-1309-g3520d71 (webtiles) character file.

2235 Quh the Ruinous (level 9, 0/60 HPs)
             Began as a Demonspawn Wizard on June 7, 2014.
             Was an Initiate of Sif Muna.
             Slain by a killer bee (3 damage)
             ... on Level 7 of the Dungeon.
             The game lasted 00:52:32 (8836 turns).

Quh the Ruinous (Demonspawn Wizard)                 Turns: 8836, Time: 00:52:32

HP   0/60        AC  5     Str  8      XL: 9   Next: 14%
MP   0/23        EV 13     Int 22      God: Sif Muna [......]
Gold 319         SH  0     Dex 15      Spells:  6 memorised,  8 levels left

rFire  . . .     SeeInvis .     y - +0,+3 dagger (venom)
rCold  . . .     Clarity  .     V - +0 robe
rNeg   . . .     rCorr    .     (no shield)
rPois  .         rRot     +     b - +0 hat
rElec  .         Spirit   +     (no cloak)
SustAb .         Warding  .     (no gloves)
rMut   .         Stasis   .     B - +1 pair of boots
Gourm  .                        (no amulet)
MR     .....                    s - +1 ring of evasion
                                k - +3 ring of dexterity

@: repel missiles, not resistant to hostile enchantments, unstealthy
A: talons 1, rugged brown scales 1, magic shield, rot immunity
a: Renounce Religion


You were on level 7 of the Dungeon.
You worshipped Sif Muna.
Sif Muna was noncommittal.
You were not hungry.

You visited 2 branches of the dungeon, and saw 8 of its levels.

You collected 319 gold pieces.

Inventory:

Hand weapons
 a - a +0,+0 shortbow
 y - a +0,+3 dagger of venom (weapon)
 N - a +2,+0 cutlass of venom
 S - a cursed -2,-1 long sword
Missiles
 i - 68 stones (quivered)
 A - 91 arrows
Armour
 b - a +0 hat (worn)
 j - a +1 ring mail of cold resistance
 B - a +1 pair of boots (worn)
 V - a +0 robe (worn)
Magical devices
 z - a wand of slowing (9)
 C - a wand of draining (2)
 T - a wand of fire (8)
Comestibles
 d - 3 bread rations
 E - 4 fruits
Scrolls
 e - 4 scrolls of identify
 f - a scroll of remove curse
 g - a scroll of magic mapping {unknown}
 h - 3 scrolls of enchant armour
 H - a scroll of fear {unknown}
 L - a scroll of immolation
 U - a scroll of brand weapon {unknown}
 W - a scroll of amnesia {unknown}
Jewellery
 k - a +3 ring of dexterity (left hand)
 s - a +1 ring of evasion (right hand)
 O - an uncursed ring of protection from cold
 Q - an uncursed ring of protection from fire
Potions
 n - 2 potions of restore abilities
 o - a potion of might {unknown}
 u - 3 potions of curing
 v - a potion of invisibility {unknown}
 D - a potion of poison {unknown}
 F - a potion of flight
 G - a potion of mutation
 K - a potion of porridge
 X - a potion of confusion {unknown}
Books
 c - a book of Minor Magic

   Spells                             Type                      Level
   *Magic Dart                        Conjuration                  1
   *Blink                             Translocation                2
   *Call Imp                          Summoning                    2
   *Repel Missiles                    Charms/Air                   2
   Slow                               Hexes                        2
   *Conjure Flame                     Conjuration/Fire             3
   *Mephitic Cloud                    Conjuration/Poison/Air       3


   Skills:
 * Level 1.2 Fighting
 + Level 1.0 Short Blades
 - Level 1.7 Dodging
 - Level 1.7 Stealth
 + Level 6.6 Spellcasting
 * Level 6.6 Conjurations
 * Level 4.0 Charms
 - Level 1.0 Summonings
 - Level 3.4 Translocations
 - Level 3.9 Air Magic


You had 8 spell levels left.
You knew the following spells:

 Your Spells              Type           Power        Failure   Level  Hunger
a - Magic Dart            Conj           ####         1%          1    None
b - Blink                 Tloc           N/A          3%          2    None
c - Call Imp              Summ           ##......     10%         2    None
d - Repel Missiles        Chrm/Air       ###...       2%          2    None
e - Mephitic Cloud        Conj/Pois/Air  ###.....     8%          3    #......
f - Conjure Flame         Conj/Fire      ###.....     10%         3    #......


Dungeon Overview and Level Annotations

Branches:
Dungeon (7/15)             Temple (1/1) D:6

Altars:
Ashenzari
Cheibriados
Dithmenos
Elyvilon
Fedhas
Gozag
Kikubaaqudgha
Nemelex Xobeh
Okawaru
Qazlal
Sif Muna
Vehumet
Xom
The Shining One

Annotations:
D:7 Menkaure


Innate Abilities, Weirdness & Mutations

You have sharp toenails.
You are partially covered in rugged brown scales (AC +1, +3% HP).
When hurt, damage is shared between your health and your magic reserves.
You are immune to rotting.


Message History

The hound skeleton bites you.
* * * LOW HITPOINT WARNING * * *
The killer bee closely misses you.
The killer bee stings you but does no damage.
The killer bee barely misses you. x3
The killer bee buzzes angrily.
The hound skeleton bites you.
* * * LOW HITPOINT WARNING * * *
The killer bee closely misses you.
The killer bee stings you but does no damage.
The hound skeleton bites you but does no damage.
The killer bee barely misses you.
The killer bee stings you but does no damage.
The killer bee misses you.
Casting: Blink
Confirm with . or Enter, or press ? or * to list all spells.
You don't have enough magic to cast that spell.
The killer bee barely misses you. The killer bee closely misses you.
The hound skeleton barely misses you. The killer bee stings you.
You die...

#..........###..# #.....(K
##.............(# #K...)5.
##.$......O.............§o.
##....KZ.K............5...
##..K....................
##................#####.
##............... #.
##..Zyy......... #.
##.y@........ .
######'####. # ..


You could see an ogre (inner flame), 3 killer bees, a hippogriff zombie, 3
kobolds and a hound skeleton.

Vanquished Creatures
  Prince Ribbit (D:6)
  A slave (D:4)
  A centaur (D:5)
  An orc warrior (D:6)
  3 ogres
  A phantom (D:6)
  2 necrophages
  Sigmund (D:5)
  Blork the orc (D:6)
  3 scorpions
  2 hounds
  A crimson imp (D:5)
  An orc priest (D:7)
  A worker ant (D:4)
  Natasha (thrice) (D:4)
  An orc wizard (D:6)
  An ogre zombie (D:6)
  A hound skeleton (D:5)
  A hound zombie (D:6)
  6 adders
  4 gnolls (D:4)
  A shadow imp (D:5)
  2 giant mites
  A worm (D:2)
  2 oozes
  7 giant geckos
  11 orcs
  2 ball pythons
  8 bats
  A bat zombie (D:6)
  9 hobgoblins
  7 jackals
  3 giant cockroaches
  3 giant newts
  A giant newt skeleton (D:5)
  14 goblins
  7 kobolds
  A kobold skeleton (D:4)
  13 rats
130 creatures vanquished.

Vanquished Creatures (collateral kills)
  Pikel (D:4)
  The ghost of Deemzul the Skirmisher, an average HOFi of Cheibriados (D:4)
  Edmund (D:6)
  A slave (D:3)
  A necrophage (D:5)
  A scorpion (D:4)
  An iguana (D:4)
  2 jellies
  A worker ant (D:4)
  An orc wizard (D:4)
  An ogre skeleton (D:4)
  5 adders
  An inept feature mimic (D:6)
  A shadow imp (D:5)
  A worm (D:2)
  A giant gecko (D:2)
  11 orcs
  3 giant cockroaches
  A goblin (D:3)
  2 hobgoblins (D:3)
  3 jackals
  A kobold (D:2)
  A bat (D:4)
  A giant newt (D:3)
  A hobgoblin skeleton (D:6)
  A rat (D:2)
46 creatures vanquished.

Vanquished Creatures (others)
  12 crimson imps
  A hound (D:4)
  2 shadow imps
  9 white imps
24 creatures vanquished.

Grand Total: 200 creatures vanquished

Notes
Turn   | Place    | Note
--------------------------------------------------------------
     0 | D:1      | Quh, the Demonspawn Wizard, began the quest for the Orb.
     0 | D:1      | Reached XP level 1. HP: 13/13 MP: 4/4
   414 | D:1      | Gained mutation: You are partially covered in rugged brown scales (AC +1, +3% HP). [demonic ancestry]
   414 | D:1      | Reached XP level 2. HP: 12/19 MP: 4/6
   610 | D:1      | Learned a level 2 spell: Blink
   613 | D:1      | Learned a level 2 spell: Call Imp
   616 | D:1      | Learned a level 2 spell: Repel Missiles
  1438 | D:2      | Gained mutation: You are immune to rotting. [demonic ancestry]
  1438 | D:2      | Reached XP level 3. HP: 24/24 MP: 2/8
  1893 | D:2      | Reached skill level 1 in Air Magic
  2708 | D:3      | Reached XP level 4. HP: 30/30 MP: 1/10
  3090 | D:3      | Learned a level 3 spell: Mephitic Cloud
  3275 | D:3      | Reached skill level 1 in Translocations
  3722 | D:4      | Noticed an ogre
  3726 | D:4      | Noticed a slave
  3726 | D:4      | Noticed a slave
  3728 | D:4      | Noticed Pikel
  3731 | D:4      | Noticed a slave
  3793 | D:3      | Reached skill level 4 in Spellcasting
  3974 | D:3      | Killed an ogre
  3974 | D:3      | Gained mutation: You have sharp toenails. [demonic ancestry]
  3974 | D:3      | Reached XP level 5. HP: 16/36 MP: 2/13
  3979 | D:3      | Killed a slave
  4153 | D:4      | Noticed a slave
  4218 | D:4      | Killed a slave
  4277 | D:4      | Killed Pikel
  4277 | D:4      | Gained mutation: When hurt, damage is shared between your health and your magic reserves. [demonic ancestry]
  4277 | D:4      | Reached XP level 6. HP: 23/42 MP: 2/16
  4291 | D:4      | Reached XP level 7. HP: 27/47 MP: 2/18
  4654 | D:4      | Noticed Natasha
  4659 | D:4      | Killed Natasha
  4882 | D:4      | Noticed Deemzul's ghost (average HOFi)
  4931 | D:5      | Entered Level 5 of the Dungeon
  5346 | D:5      | Noticed Sigmund
  5542 | D:4      | Reached skill level 5 in Spellcasting
  5938 | D:4      | Learned a level 3 spell: Conjure Flame
  5980 | D:4      | HP: 1/47 [Deemzul's ghost (3)]
  5981 | D:4      | Killed Deemzul's ghost
  5987 | D:4      | Noticed Natasha
  6380 | D:4      | Reached skill level 1 in Charms
  6392 | D:4      | Killed Natasha
  6392 | D:4      | Reached XP level 8. HP: 51/53 MP: 6/20
  6436 | D:4      | Noticed Natasha
  6436 | D:4      | Killed Natasha
  6780 | D:5      | Reached skill level 5 in Conjurations
  6912 | D:5      | Killed Sigmund
  7300 | D:6      | Noticed Blork the orc
  7319 | D:6      | Killed Blork the orc
  7434 | D:6      | Noticed Prince Ribbit
  7449 | D:6      | Killed Prince Ribbit
  7449 | D:6      | Reached skill level 6 in Spellcasting
  7822 | D:6      | Noticed Edmund
  7850 | D:6      | Killed Edmund
  8089 | D:6      | Reached XP level 9. HP: 58/58 MP: 13/23
  8133 | D:6      | Found a shimmering altar of Xom.
  8153 | D:6      | Found a staircase to the Ecumenical Temple.
  8162 | Temple   | Entered the Ecumenical Temple
  8175 | Temple   | Became a worshipper of Sif Muna the Loreminder
  8478 | D:7      | HP: 1/59 [ogre/giant club (13)]
  8481 | D:7      | Noticed Menkaure
  8503 | D:6      | Reached skill level 1 in Fighting
  8803 | D:7      | Reached skill level 1 in Short Blades
  8830 | D:7      | HP: 2/60 [hound skeleton (2)]
  8836 | D:7      | Slain by a killer bee

Action                   |  1- 3 |  4- 6 |  7- 9 || total
-------------------------+-------+-------+-------++-------
Melee: Hand axe          |    18 |       |       ||    18
       Dagger            |    10 |    32 |   128 ||   170
       Long sword        |     7 |       |       ||     7
 Cast: Magic Dart        |    75 |    40 |   226 ||   341
       Call Imp          |    14 |    25 |    53 ||    92
       Blink             |       |     4 |     9 ||    13
       Repel Missiles    |       |     1 |       ||     1
       Mephitic Cloud    |       |       |    26 ||    26
Evoke: Wand              |       |       |     3 ||     3
  Use: Scroll            |       |     8 |    10 ||    18
       Potion            |       |     2 |     2 ||     4
 Stab: Distracted        |       |       |     1 ||     1
